 Dungeon Crawl Stone Soup version 0.16-a0-3606-g1520cdc (webtiles) character file.

72 PolkaDot the Vexing (level 4, -1/30 HPs)
             Began as a Vampire Enchanter on Jan 13, 2015.
             Slain by a worm (11 damage)
             ... on level 2 of the Dungeon.
             The game lasted 00:04:21 (2023 turns).

PolkaDot the Vexing (Vampire Enchanter)             Turns: 2023, Time: 00:04:22

Health: -1/30      AC:  4    Str:  7    XL:     4   Next: 6%
Magic:  0/7        EV: 17    Int: 18    God:
Gold:   83         SH:  0    Dex: 14    Spells: 3 memorised, 1 level left

rFire  . . .     SeeInvis +     l - -3 dagger (curse)
rCold  + + .     Clarity  .     b - +1 robe
rNeg   + + +     SustAb   .     (no shield)
rPois  +         Gourm    .     (no helmet)
rElec  .         Spirit   .     h - +0 cloak
rCorr  .         Warding  .     (no gloves)
rMut   .         Stasis   .     (no boots)
MR     .....                    (no amulet)
Stlth  ++........               m - +5 ring of evasion
                                i - ring of loudness (curse)

@: regenerating slowly, not resistant to hostile enchantments, unstealthy
A: bottle blood, fangs 3, see invisible, unbreathing
a: Bat Form


You were on level 2 of the Dungeon.
You were near bloodless.

You visited 1 branch of the dungeon, and saw 2 of its levels.

You collected 83 gold pieces.

Inventory:

Hand weapons
 e - a +0 dagger of venom
 l - a cursed -3 dagger (weapon)
Armour
 b - a +1 robe (worn)
 h - a +0 cloak (worn)
Jewellery
 i - a cursed ring of loudness (left hand)
 m - a +5 ring of evasion (right hand)
Potions
 a - a potion of brilliance {unknown}
 d - a potion of blood {@*1}
 f - 3 potions of curing
 g - a potion of mutation {unknown}
 j - a potion of cancellation {unknown}
Books
 c - a book of Maledictions

   Spells                             Type                      Level
   a - Corona                         Hexes                        1
   b - Sure Blade                     Hexes/Charms                 2
   c - Ensorcelled Hibernation        Hexes/Ice                    2
   d - Confuse                        Hexes                        3
   e - Dazzling Spray                 Conjuration/Hexes            3
   f - Enslavement                    Hexes                        4


   Skills:
 - Level 2.1 Short Blades
 - Level 2.1 Dodging
 - Level 4.9 Stealth
 - Level 2.0 Spellcasting
 - Level 5.5 Hexes
 + Level 1.9 Ice Magic


You had one spell level left.
You knew the following spells:

 Your Spells              Type           Power        Failure   Level  Hunger
a - Corona                Hex            ###....      1%          1    #......
c - Confuse               Hex            ###.....     6%          3    ###....
d - Ensorcelled Hibernat  Hex/Ice        ###...       8%          2    ###....


Dungeon Overview and Level Annotations

Branches:
Dungeon (2/15)

Altars:


Innate Abilities, Weirdness & Mutations

You heal slowly.
You can bottle blood from corpses.
You have razor-sharp teeth.
You have supernaturally acute eyesight.
You can survive without breathing.


Message History

Aiming: Ensorcelled Hibernation
Press: ? - help, Shift-Dir - straight line, f/p - worm
Aim: a worm (chance 55%)
The worm looks drowsy...
The kobold shouts!
The kobold throws a stone.
The stone misses you.
The helpless worm fails to defend itself.
You impale the worm!!
The worm is severely wounded.
The worm bites you.
* * * LOW HITPOINT WARNING * * *
Casting: Ensorcelled Hibernation
Confirm with . or Enter, or press ? or * to list all spells.
Aiming: Confuse
Press: ? - help, Shift-Dir - straight line, f/p - worm
Aim: a worm (severely wounded, chance 61%)
The worm resists with significant effort.
* * * LOW MAGIC WARNING * * *
The worm bites you!
You die...

..........#...#..........
..........+...+..........
..........#...#.........
....#.....#............##
...#....................
#....................
####.........##.#....
#######...(......#.#....
#......@................
.........w...............
...................†....
......#.................
...K..#............)....
.....#..........##.....
....########.......... ..
###..........
#####............


You could see a worm and a kobold.

Vanquished Creatures
  A giant mite (D:1)
  3 worms (D:2)
  2 giant geckos
  6 bats
  8 goblins
  4 hobgoblins
  4 jackals (D:1)
  4 kobolds (D:1)
  2 ball pythons
  4 giant cockroaches (D:1)
  3 giant newts
  8 rats
49 creatures vanquished.

Notes
Turn   | Place    | Note
--------------------------------------------------------------
     0 | D:1      | PolkaDot, the Vampire Enchanter, began the quest for the Orb.
     0 | D:1      | Reached XP level 1. HP: 13/13 MP: 3/3
    29 | D:1      | Reached XP level 2. HP: 19/19 MP: 4/4
    33 | D:1      | Learned a level 2 spell: Ensorcelled Hibernation
   309 | D:1      | Reached skill level 5 in Hexes
   678 | D:1      | Reached XP level 3. HP: 24/24 MP: 6/6
   998 | D:1      | Learned a level 3 spell: Confuse
  1410 | D:2      | Reached skill level 1 in Ice Magic
  1901 | D:2      | Reached XP level 4. HP: 17/30 MP: 3/7
  2023 | D:2      | Slain by a worm

Action                   |  1- 3 |  4- 6 || total
-------------------------+-------+-------++-------
Melee: Dagger            |   166 |     1 ||   167
 Cast: Ensorcelled Hiber |     7 |     2 ||     9
       Confuse           |     3 |     1 ||     4
  Use: Scroll            |     6 |       ||     6
 Stab: Sleeping          |    11 |     1 ||    12
       Confused          |     1 |       ||     1
